 Dungeon Crawl Stone Soup version 0.20.1-1-g8b1a95d (webtiles) character file.

26 Hurrycane the Gusty (level 3, 0/22 HPs)
             Began as a Tengu Air Elementalist on July 12, 2017.
             Slain by an adder (4 damage)
             ... on level 1 of the Dungeon on July 13, 2017.
             The game lasted 00:04:30 (1228 turns).

Hurrycane the Gusty (Tengu Air Elementalist)        Turns: 1228, Time: 00:04:31

Health: 0/22       AC:  3    Str:  9    XL:     3   Next: 8%
Magic:  6/7        EV: 12    Int: 15    God:
Gold:   39         SH:  0    Dex: 14    Spells: 3/6 levels left

rFire    . . .     SeeInvis .   e - +0 whip
rCold    . . .     Gourm    .   (no shield)
rNeg     . . .     Faith    .   a - +1 robe
rPois    .         Spirit   .   (helmet restricted)
rElec    .         Reflect  .   (no cloak)
rCorr    .         Harm     .   (no gloves)
MR       .....                  (boots unavailable)
Stlth    ++........             g - amulet of magic regeneration
Regen    0.1/turn               (no ring)
MPRegen  0.2/turn               (no ring)

@: very slightly contaminated
A: beak, talons 3
a: no special abilities


You were on level 1 of the Dungeon.
You were not hungry.

You visited 1 branch of the dungeon, and saw 1 of its levels.

You collected 39 gold pieces.

Inventory:

Hand Weapons
 e - a +0 whip (weapon)
 h - a +0 dagger
Missiles
 d - 8 sling bullets
 j - 3 silver javelins (quivered)
Armour
 a - a +1 robe (worn)
Jewellery
 g - an amulet of magic regeneration (around neck)
Books
 b - a book of Air

   Spells                             Type                      Level
   a - Shock                          Conjuration/Air              1
   b - Swiftness                      Charms/Air                   2
   c - Static Discharge               Conjuration/Air              3
   d - Airstrike                      Air                          4
   e - Lightning Bolt                 Conjuration/Air              5
Comestibles
 c - a bread ration
 f - 4 chunks of flesh
 l - 2 meat rations


   Skills:
 + Level 2.6 Fighting
 - Level 2.1 Dodging
 - Level 2.0 Stealth
 - Level 2.0 Spellcasting
 - Level 1.3 Conjurations
 - Level 4.0 Air Magic


You had 3 spell levels left.
You knew the following spells:

 Your Spells              Type           Power        Failure   Level  Hunger
a - Shock                 Conj/Air       #...         8%          1    #......
b - Swiftness             Chrm/Air       #.......     14%         2    ###....


Dungeon Overview and Level Annotations

Branches:
Dungeon (1/15)

Altars:


Innate Abilities, Weirdness & Mutations

You have a beak for a mouth.
You have claws for feet.


Message History

Cast which spell? (? or * to list)
You don't know that spell.
Welcome back, Hurrycane the Tengu Air Elementalist.
Press ? for a list of commands and other information.
Okay, then.
The adder bites you.
There is an open door here.
Throwing (i - inventory):
j - 4 silver javelins (quivered)
Press: ? - help, Shift-Dir - straight line, f - adder
Aim: an adder You throw a silver javelin.
The silver javelin barely misses the adder.
The adder closely misses you. The adder bites you. The adder bites you.
* * * LOW HITPOINT WARNING * * *
You aren't carrying any potions.
As you read the scroll labeled ZIEDEG QAMAJ, it crumbles to dust.
It is a scroll of enchant armour.
Your +0 robe glows green for a moment.
The adder bites you.
You die...

.....#........#...............#
.....#.##.................#####
.)........#(###..#.##'#####
....................#.#
....................#.#
.....#.##[..((......#.#
####.#.##...........#.#
######.#......#######.#
88888##'(.....KS@.....#
888888##......#########
888888##...################
..8...'....# #....#.....#
888888#....#####....#.###.#
888888#.............'.# #.#
88888##..##.........#####.#
######....+.........รท.....#
#........##.....###########


You could see an adder and a kobold.

Vanquished Creatures
  2 adder zombies (D:1)
  A leopard gecko (D:1)
  A ball python (D:1)
  A giant cockroach (D:1)
  4 hobgoblins (D:1)
  3 bats (D:1)
  2 goblins (D:1)
  2 kobolds (D:1)
  2 rats (D:1)
18 creatures vanquished.

Notes
Turn   | Place    | Note
-------+----------+-------------------------------------------
     0 | D:1      | Hurrycane the Tengu Air Elementalist began the quest for the Orb.
     0 | D:1      | Reached XP level 1. HP: 10/10 MP: 4/4
    17 | D:1      | Reached skill level 1 in Fighting
    31 | D:1      | Reached XP level 2. HP: 10/16 MP: 3/6
  1112 | D:1      | Reached XP level 3. HP: 21/22 MP: 7/7
  1119 | D:1      | Learned a level 2 spell: Swiftness
  1228 | D:1      | Slain by an adder

Skill      XL: |  1  2 |
---------------+-------+-----
Fighting       | 1 2 |  2.6
Dodging        | |  2.1
Stealth        | |  2.0
Spellcasting   | |  2.0
Conjurations   | |  1.3
Air Magic      | |  4.0

Action                   || total
-------------------------++-------
Melee: Unarmed           ||    12
       Kick              ||    13
       Peck              ||     6
       Whip              ||    35
Throw: Javelin           ||     1
 Cast: Shock             ||    13
  Use: Scroll            ||     5
  Eat: Chunk             ||     1
Armor: Robe              ||    12
Dodge: Dodged            ||    42
